[Event "Live Chess"]
[Site "Chess.com"]
[Date "2023.05.20"]
[Round "-"]
[White "Olisingapore"]
[Black "smoggyrabbit"]
[Result "1-0"]
[WhiteElo "1871"]
[BlackElo "1701"]
[TimeControl "300"]
[EndTime "14:54:21 PDT"]
[Termination "Olisingapore won on time"]

1. d4 e6 2. c4 f5 3. g3 Nf6 4.
Bg2 d5 5. Nc3 c6 6. Nf3 Bd6 7.
Qd3 O-O 8. O-O Nbd7 9. cxd5 cxd5 10. Bg5 h6 11. Bf4 Bxf4 12. gxf4 Ne4 13. e3 b6 14. Rfc1 Bb7 15. Nb5 Qe7 16. Rc7 Ba6 17. Rac1 g5 18.
a4 Rfc8 19. Ne5 Rxc7 20. Rxc7 Rd8 21. Nc6 Qf7 22. Nxd8 Qh5 23. Nxe6 Qh4 24. Rc8+ Kf7 25.
Qe2 Bxc8 26. fxg5 hxg5 27. Bxe4 fxe4 28. Nd6+ Kxe6 29. Qf1 Kxd6 30. Qg2 Kc7 31. h3 Nf6 32. Qg3+ 1-0

[Event "Live Chess"]
[Site "Chess.com"]
[Date "2023.05.20"]
[Round "-"]
[White "Daniel_Gliddon_FA"]
[Black "Ed_Knox"]
[Result "1-0"]
[WhiteElo "1396"]
[BlackElo "1435"]
[TimeControl "300"]
[EndTime "14:54:24 PDT"]
[Termination "Daniel_Gliddon_FA won by checkmate"]

1. e4 d5 2. exd5 Qxd5 3. Nc3 Qd8 4. d4 c6 5. Nf3 Bf5 6. Bd3 Bg6 7. O-O Nf6 8. Re1 e6 9. Qe2 Be7 10. Bg5 Bxd3 11.
Qxd3 h6 12. Bxf6 Bxf6 13. Ne4 Nd7 14. Nd6+ Ke7 15. Nxb7 Qb6 16. Nd6 Kxd6 17. Ne5 Rhf8 18. Qa3+ Kc7 19. c4 Nxe5 20. dxe5 Bg5 21. Qd6+ Kb7 22. b4 a5 23. c5 Qxb4 24. Qd7+ Ka6 25. Qxc6+ Ka7 26. Rab1 Qxe1+ 27. Rxe1 Bd2 28. Qb6# 1-0

[Event "Live Chess"]
[Site "Chess.com"]
[Date "2023.05.20"]
[Round "-"]
[White "weibs440"]
[Black "omisoc"]
[Result "0-1"]
[WhiteElo "931"]
[BlackElo "2136"]
[TimeControl "300"]
[EndTime "14:54:35 PDT"]
[Termination "omisoc won by resignation"]

1. e4 g6 2. d4 d6 3. Nc3 a6 4. Bd3 b5 5. a3 Bg7 6. Nf3 Nd7 7. O-O c5 8. d5 Ngf6 9. Ne2 c4 10. e5 Nxe5 11.
Nxe5 dxe5 12. Bxg6 hxg6 13. Bg5 Bb7 14. Nc3 Nxd5 15.
Re1 Nxc3 16. Qxd8+ Rxd8 17. bxc3 e4 18. f3 Bxc3 19.
Bxe7 Kxe7 20. Red1 Bxa1 21. Rxa1 Rd2 0-1

[Event "Live Chess"]
[Site "Chess.com"]
[Date "2023.05.20"]
[Round "-"]
[White "wadsy27"]
[Black "parcellforce"]
[Result "1-0"]
[WhiteElo "2560"]
[BlackElo "1385"]
[TimeControl "300"]
[EndTime "14:54:38 PDT"]
[Termination "wadsy27 won by resignation"]

1. d4 d6 2. Bf4 Nf6 3. e3 c6 4. Nf3 Qa5+ 5. Nbd2 Bg4 6. Be2 Bxf3 7. Bxf3 e5 8. Bg3 exd4 9. exd4 Nbd7 10. O-O Be7 11.
Re1 Qd8 12. Bxd6 Nd5 13. Bxd5 cxd5 14. Rxe7+ 1-0

[Event "Live Chess"]
[Site "Chess.com"]
[Date "2023.05.20"]
[Round "-"]
[White "Tushinskiy"]
[Black "Duke_of_Bebington"]
[Result "1-0"]
[WhiteElo "2141"]
[BlackElo "1578"]
[TimeControl "300"]
[EndTime "14:54:42 PDT"]
[Termination "Tushinskiy won by checkmate"]

1. d4 d5 2. c3 Nf6 3. Nf3 Bf5 4. Bf4 h6 5. Bg3 e6 6. Nbd2 c5 7. e3 Nc6 8. Be2 Bd6 9. Qc1 Bxg3 10. hxg3 cxd4 11. exd4 Rc8 12. O-O O-O 13. Nb3 b6 14.
Re1 Re8 15. Bb5 Re7 16. Qe3 Qd6 17. Ne5 Nd7 18. Nxc6 Rxc6 19. Bxc6 Qxc6 20. Nd2 Nf6 21. f3 Rc7 22. Rac1 a6 23. Kh2 b5 24. b3 Nd7 25.
Qe2 Nb6 26. Qf2 Qd7 27. Nf1 Qc8 28. Qd2 a5 29. Ne3 Bg6 30. Kg1 a4 31. Kh2 Qd7 32.
Ng4 f6 33. Qe2 Rc6 34. Qxb5 axb3 35. axb3 Be8 36. Qe2 Bf7 37. Qd3 Qc7 38. Ne3 Nd7 39.
c4 dxc4 40. bxc4 Rd6 41. d5 e5 42. Nf5 Nc5 43. Qa3 Rb6 44. Rb1 Rxb1 45. Rxb1 e4 46. f4 Nd3 47. Qa8+ Kh7 48. Qf8 Bg6 49. Ne7 Nxf4 50.
Qg8# 1-0

[Event "Live Chess"]
[Site "Chess.com"]
[Date "2023.05.20"]
[Round "-"]
[White "SupremeTactician"]
[Black "mikkyb4"]
[Result "1-0"]
[WhiteElo "2367"]
[BlackElo "1008"]
[TimeControl "300"]
[EndTime "14:54:42 PDT"]
[Termination "SupremeTactician won by resignation"]

1. e4 g6 2. d4 Bg7 3. Nc3 d6 4. f4 Nc6 5. Nf3 Bg4 6. Be3 Bxf3 7. gxf3 d5 8. exd5 Nb4 9. Bc4 Nf6 10. Qd2 Nfxd5 11.
Nxd5 Nxd5 12. O-O-O e6 13. Rhe1 O-O 14. Bf2 Bh6 15.
Bg3 a6 16. Re5 b5 17. Bxd5 exd5 18. Kb1 Bg7 19. Re2 c5 20. dxc5 Qc7 21. Bf2 Rfb8 22.
Bd4 b4 23. Bxg7 Kxg7 24. Qd4+ Kg8 25. b3 a5 26. Re5 a4 27. Rxd5 axb3 28. cxb3 Rxa2 29.
Kxa2 Qa5+ 30. Kb1 Ra8 31. Rd8+ Rxd8 32. Qxd8+ Kg7 33. Qxa5 1-0

[Event "Live Chess"]
[Site "Chess.com"]
[Date "2023.05.20"]
[Round "-"]
[White "ViktorTheCoolBoy"]
[Black "JanMur7"]
[Result "1-0"]
[WhiteElo "2514"]
[BlackElo "1983"]
[TimeControl "300"]
[EndTime "14:54:49 PDT"]
[Termination "ViktorTheCoolBoy won by resignation"]

1. c4 c5 2. Nc3 Nc6 3. Nf3 g6 4.
e3 Bg7 5. d4 cxd4 6. exd4 Nf6 7. d5 Nb8 8. Be2 d6 9. O-O Bf5 10. h3 h5 11. Nd4 Bd7 12. Be3 O-O 13. b4 Na6 14. Qb3 Nc7 15. Rfc1 e5 16. dxe6 Nxe6 17.
Rd1 Rc8 18. Rac1 Nxd4 19. Bxd4 Be6 20. Bxa7 Qc7 21. Nb5 Qc6 22. Rxd6 Qxb5 23. cxb5 Rxc1+ 24. Qd1 Rxd1+ 25. Rxd1 Nd5 26. Bf3 Nc3 27. Rd2 Nxb5 28. Bc5 Rb8 29. a4 Nc3 30. a5 Bf5 31. Bd6 Rd8 32.
Bxb7 Bh6 33. Rd4 Nb5 34. Rd5 Nxd6 35. Bc6 Be6 36. Rc5 Bc4 37. b5 Bxb5 38. Bxb5 Nxb5 39. Rxb5 Ra8 40. Rd5 Bg5 41. Rxg5 Kg7 42. Rb5 Ra6 43. h4 Kf6 44. Rb6+ Rxb6 45. axb6 Ke7 46. b7 1-0

[Event "Live Chess"]
[Site "Chess.com"]
[Date "2023.05.20"]
[Round "-"]
[White "MarkLim1"]
[Black "jennybobby44"]
[Result "0-1"]
[WhiteElo "1666"]
[BlackElo "1846"]
[TimeControl "300"]
[EndTime "14:54:58 PDT"]
[Termination "jennybobby44 won by resignation"]

1. d4 c5 2. d5 d6 3. Nc3 e5 4. e4 f5 5. Nf3 Nf6 6. Bb5+ Nbd7 7.
exf5 a6 8. Bxd7+ Bxd7 9. a4 Bxf5 10. O-O Be7 11. a5 O-O 12. Nd2 Bg4 13. f3 Bh5 14. Nc4 Bf7 15. Rb1 Rb8 16. b4 cxb4 17. Rxb4 Rc8 18. Bb2 Rc5 19. Qd3 Nxd5 20. Rxb7 Nxc3 21. Nb6 Nb5 22. Rd1 Rc7 23. Rxc7 Qxc7 24. Nd5 Qc5+ 25.
Kh1 Bxd5 0-1

[Event "Live Chess"]
[Site "Chess.com"]
[Date "2023.05.20"]
[Round "-"]
[White "JoeRoot66"]
[Black "LiamClery2020"]
[Result "0-1"]
[WhiteElo "1900"]
[BlackElo "2082"]
[TimeControl "300"]
[EndTime "14:55:04 PDT"]
[Termination "LiamClery2020 won by resignation"]

1. e4 Nf6 2. e5 Nd5 3. d4 d6 4. c4 Nb6 5. exd6 cxd6 6. Nc3 g6 7. Be3 Bg7 8. b3 O-O 9. Rc1 e5 10. d5 f5 11. Nf3 N8d7 12. Be2 e4 13. Nd4 Ne5 14. f4 exf3 15. Nxf3 Nxf3+ 16. Bxf3 Re8 17. Kf2 f4 18. Bxf4 Bxc3 19. Rxc3 Qf6 20. Re3 Bd7 21. Bg3 Rxe3 22. Kxe3 Qc3+ 23. Kf2 Re8 24. Re1 Rf8 25. Bxd6 Rf5 26. Be5 Rxe5 0-1

[Event "Live Chess"]
[Site "Chess.com"]
[Date "2023.05.20"]
[Round "-"]
[White "therealab0ne"]
[Black "nigelst"]
[Result "0-1"]
[WhiteElo "694"]
[BlackElo "1834"]
[TimeControl "300"]
[EndTime "14:55:05 PDT"]
[Termination "nigelst won by resignation"]

1. e4 c6 2. d4 d5 3. f3 e6 4. exd5 exd5 5. Nc3 Bd6 6. Bd3 Nf6 7. Nge2 O-O 8. O-O Qc7 9. a3 Bxh2+ 10. Kh1 Bd6 11. Be3 Qe7 12. Bg1 Ne4 13. Bxe4 Qh4+ 0-1

[Event "Live Chess"]
[Site "Chess.com"]
[Date "2023.05.20"]
[Round "-"]
[White "JoeyCage"]
[Black "Conradical12"]
[Result "1-0"]
[WhiteElo "2306"]
[BlackElo "1600"]
[TimeControl "300"]
[EndTime "14:55:12 PDT"]
[Termination "JoeyCage won by checkmate"]

1. e4 e5 2. Nf3 Nc6 3. Bb5 Nf6 4.
O-O Bc5 5. c3 O-O 6. d4 exd4 7.
cxd4 Bb6 8. d5 Ne7 9. d6 cxd6 10.
Nc3 Ng6 11. Qxd6 Bc7 12. Qd4 Re8 13. Bg5 Be5 14. Nxe5 Nxe5 15. f4 Neg4 16. e5 h6 17. exf6 hxg5 18. fxg7 Ne3 19. Rf2 a6 20. Bd3 b5 21.
Re1 Qe7 22. fxg5 Qxg5 23. Nd5 Bb7 24. Nf6+ Qxf6 25. Qxf6 Nxg2 26. Qxf7# 1-0

[Event "Live Chess"]
[Site "Chess.com"]
[Date "2023.05.20"]
[Round "-"]
[White "ranvir123"]
[Black "colourmefree"]
[Result "1-0"]
[WhiteElo "923"]
[BlackElo "397"]
[TimeControl "300"]
[EndTime "14:55:25 PDT"]
[Termination "ranvir123 won by resignation"]

1. e4 e6 2. d4 Nc6 3. d5 exd5 4. exd5 Nb4 5. Qe2+ Be7 6. Bd2 Nxd5 7. Nc3 Nxc3 8. Bxc3 Nf6 9. Nf3 Nd5 10. Bxg7 Rg8 11. Bc3 Nxc3 12. bxc3 b6 13. Nd2 Bb7 14. f4 c6 15. Qe4 Rg7 16. f5 Qc7 17. f6 O-O-O 18. fxg7 c5 19. Qxe7 d6 20. Qxc7+ Kxc7 21. Bc4 Rg8 22.
Bxf7 Rxg7 23. Bc4 Rxg2 24. O-O-O Rg4 25. Rhg1 Rxc4 26. Nxc4 Bf3 27. Rdf1 Be2 28. Rf2 Bxc4 29. Rg7+ Kc6 30. Rxa7 d5 31. Rxh7 Bxa2 32. h4 d4 33.
cxd4 cxd4 34. Rf5 Be6 35. Rh6 Kd6 36. Rff6 Ke5 37. Rxe6+ Kd5 38. Rxb6 Kc4 39. Rbd6 Kc3 40. Rhe6 d3 41. cxd3 1-0

[Event "Live Chess"]
[Site "Chess.com"]
[Date "2023.05.20"]
[Round "-"]
[White "JoshMcK"]
[Black "VicLemon"]
[Result "1/2-1/2"]
[WhiteElo "1548"]
[BlackElo "1366"]
[TimeControl "300"]
[EndTime "14:55:29 PDT"]
[Termination "Game drawn by repetition"]

1. e4 c5 2. c3 d5 3. exd5 Qxd5 4. d4 Nf6 5. Nf3 Bg4 6. Nbd2 Nc6 7. Bc4 Qd8 8. dxc5 e5 9. O-O Bxc5 10. Qb3 O-O 11.
Qxb7 Na5 12. Qb5 Nxc4 13. Qxc4 Qb6 14. Ne4 Bxf3 15. Nxf6+ gxf6 16. gxf3 Kh8 17. Be3 Bxe3 18. fxe3 Qxe3+ 19. Kh1 Rad8 20. Rg1 Qxf3+ 21. Rg2 Rd1+ 22. Rxd1 Qxd1+ 23. Rg1 Qf3+ 24. Rg2 Rg8 25. Qe2 Rxg2 26. Qxg2 Qd1+ 27. Qg1 Qd5+ 28. Qg2 Qxa2 29. Qa8+ Kg7 30. Qg2+ Kf8 31. Qa8+ Ke7 32. Qb7+ Ke6 33. Qc6+ Kf5 34. Qf3+ Ke6 35. Qc6+ Ke7 36. Qb7+ Kd6 37. Qb4+ Kd5 38. Qb5+ Ke4 39. Qe2+ Kd5 40. Qb5+ Kd6 41. Qb8+ Kc5 42. Qb4+ Kc6 43. Kg2 Qd5+ 44. Kf2 Qd2+ 45. Kg3 Qe3+ 46. Kg2 Qg5+ 47. Kh1 Qc1+ 48. Kg2 Qd2+ 49. Kh1 Qe1+ 50. Kg2 Qe2+ 51. Kg3 Qe3+ 52. Kg2 Qe2+ 53. Kg3 Qe3+ 1/2-1/2

[Event "Live Chess"]
[Site "Chess.com"]
[Date "2023.05.20"]
[Round "-"]
[White "McSlash1"]
[Black "chrisbradgate"]
[Result "1-0"]
[WhiteElo "2027"]
[BlackElo "861"]
[TimeControl "300"]
[EndTime "14:55:44 PDT"]
[Termination "McSlash1 won by checkmate"]

1. e4 e5 2. Nf3 Nc6 3. Bb5 a6 4. Ba4 f6 5. d4 exd4 6. e5 fxe5 7. Bg5 Nge7 8. Nh4 h6 9. Qh5+ g6 10. Nxg6 Rh7 11. Nxe5+ Rf7 12. Qxf7# 1-0

[Event "Live Chess"]
[Site "Chess.com"]
[Date "2023.05.20"]
[Round "-"]
[White "Cimon"]
[Black "GEMdzq"]
[Result "0-1"]
[WhiteElo "1830"]
[BlackElo "2248"]
[TimeControl "300"]
[EndTime "14:55:45 PDT"]
[Termination "GEMdzq won by resignation"]

1. Nf3 c5 2. c3 Nf6 3. d4 e6 4.
Bf4 Qb6 5. Qc2 Nc6 6. e3 Nd5 7. Bg3 cxd4 8. exd4 f5 9. h4 d6 10. Bd3 Be7 11. Nbd2 Bd7 12. Nc4 Qc7 13. Ne3 Nf6 14.
b4 Nh5 15. Bh2 Rc8 16. Qd2 f4 17. Nc2 O-O 18. O-O Nd8 19. c4 e5 20. d5 Bg4 21. Ng5 h6 22. Ne4 Bxh4 23. c5 Nf7 24. Rac1 Qe7 25. Na3 Nf6 26. c6 bxc6 27. dxc6 d5 28.
Nxf6+ Bxf6 29. Bb5 Be6 30. Ba4 f3 31. Rfe1 Bg5 32.
Qd3 Bxc1 33. Rxc1 Qg5 0-1

[Event "Live Chess"]
[Site "Chess.com"]
[Date "2023.05.20"]
[Round "-"]
[White "BJAW87"]
[Black "Nazar_777"]
[Result "1-0"]
[WhiteElo "1432"]
[BlackElo "1595"]
[TimeControl "300"]
[EndTime "14:55:45 PDT"]
[Termination "BJAW87 won by checkmate"]

1. e4 e6 2. d4 a6 3. Nf3 h5 4. Bd3 c5 5. c3 cxd4 6. cxd4 Nf6 7. O-O Be7 8. Nc3 Qc7 9. e5 Ng4 10. h3 Nh6 11. Ng5 Nc6 12. Qxh5 b5 13. Be3 Bb7 14. f4 Nb4 15. Be4 Bxe4 16. Ngxe4 Nd5 17. Nxd5 exd5 18.
Ng5 Qc2 19. b3 Qg6 20. Qxg6 fxg6 21. Rac1 Nf7 22. Nxf7 Kxf7 23. f5 Rac8 24. fxg6+ Kxg6 25. Rf3 Bg5 26. Bxg5 Kxg5 27. Rcf1 Kg6 28. Rg3+ Kh7 29. Rf7 Rhg8 30. Rxd7 Rc6 31. Rxd5 Rf8 32. Rd7 Rg8 33.
d5 Rg6 34. Rxg6 Kxg6 35. e6 Kf6 36. e7 Re8 37. d6 Ke6 38. Rd8 Rxe7 39. dxe7 Kxe7 40. Ra8 Kd6 41. Rxa6+ Kc5 42. Rg6 Kb4 43. Rxg7 Ka3 44. Ra7+ Kb2 45. h4 b4 46. h5 Kc3 47. h6 Kb2 48. h7 Kc3 49. h8=Q+ Kc2 50. Rc7+ Kb1 51. Qh7+ Kxa2 52. Qc2+ Ka3 53. Ra7# 1-0

[Event "Live Chess"]
[Site "Chess.com"]
[Date "2023.05.20"]
[Round "-"]
[White "siddu198"]
[Black "Salpingidis"]
[Result "0-1"]
[WhiteElo "1630"]
[BlackElo "2243"]
[TimeControl "300"]
[EndTime "14:56:27 PDT"]
[Termination "Salpingidis won by checkmate"]

1. e4 e6 2. d4 d5 3. exd5 exd5 4. Nf3 Bd6 5. Bb5+ c6 6. Bd3 Ne7 7. h3 Bf5 8. Bxf5 Nxf5 9. O-O O-O 10. Re1 Nd7 11. b3 Nf6 12. c4 Bc7 13. c5 Qd7 14.
Bg5 Ne4 15. Nbd2 f6 16. Bh4 g5 17. Bg3 Nexg3 18. fxg3 Bxg3 19. Re2 Rae8 20. Nf1 Qc7 21. Nxg3 Qxg3 22. Rxe8 Rxe8 23. Qd2 Re3 24. Rf1 Re4 25. a4 h6 26. Qb4 Re7 27. Qd2 Ne3 28. Re1 Qf4 29.
Ne5 fxe5 30. Rxe3 exd4 31. Re2 Rxe2 32. Qxe2 Qe3+ 33. Qxe3 dxe3 34. Kf1 d4 35. Ke2 Kf7 36. b4 Ke6 37. b5 Kd5 38. bxc6 Kxc6 39. g3 Kxc5 40. h4 Kd5 41. hxg5 hxg5 42. g4 Ke4 43. a5 d3+ 44. Ke1 d2+ 45. Ke2 Kd4 46. a6 bxa6 47. Kd1 a5 48. Ke2 a4 49. Kd1 a3 50.
Ke2 a2 51. Kd1 a1=Q+ 52. Ke2 d1=Q# 0-1

[Event "Live Chess"]
[Site "Chess.com"]
[Date "2023.05.20"]
[Round "-"]
[White "Conradical12"]
[Black "nigelst"]
[Result "0-1"]
[WhiteElo "1597"]
[BlackElo "1837"]
[TimeControl "300"]
[EndTime "14:56:37 PDT"]
[Termination "nigelst won by checkmate"]

1. e4 c6 2. d4 d5 3. f3 e6 4. Nc3 Bb4 5. Ne2 dxe4 6. fxe4 Qh4+ 7. Ng3 Nf6 8. Bd3 O-O 9. O-O Ng4 10. d5 Qxh2# 0-1

[Event "Live Chess"]
[Site "Chess.com"]
[Date "2023.05.20"]
[Round "-"]
[White "JoeyCage"]
[Black "therealab0ne"]
[Result "1-0"]
[WhiteElo "2306"]
[BlackElo "694"]
[TimeControl "300"]
[EndTime "14:56:49 PDT"]
[Termination "JoeyCage won by resignation"]

1. e4 c5 2. Nf3 Nc6 3. d4 cxd4 4.
Nxd4 Nf6 5. Nc3 g6 6. Be3 Bg7 7. Bc4 O-O 8. Bb3 Na5 9. e5 Nxb3 10. axb3 Ne8 11. f4 d6 12. Nf3 dxe5 13. Qxd8 1-0

[Event "Live Chess"]
[Site "Chess.com"]
[Date "2023.05.20"]
[Round "-"]
[White "ViktorTheCoolBoy"]
[Black "LiamClery2020"]
[Result "1/2-1/2"]
[WhiteElo "2507"]
[BlackElo "2089"]
[TimeControl "300"]
[EndTime "14:56:51 PDT"]
[Termination "Game drawn by agreement"]

1. d4 Nf6 2. c4 g6 3. Nc3 d5 4.
cxd5 Nxd5 5. e4 Nxc3 6. bxc3 Bg7 7. Nf3 c5 8. Bb5+ Bd7 9. Bxd7+ Qxd7 10. O-O cxd4 11.
cxd4 O-O 12. Be3 Nc6 13. Rb1 e6 14. Qa4 Rad8 15. Rfd1 Ne5 16. Qxd7 Nxf3+ 17. gxf3 Rxd7 18. Rb4 Rfd8 19. e5 Bxe5 20. Rdb1 Bxd4 21. Bxd4 Rxd4 22.
Rxb7 R4d7 1/2-1/2

[Event "Live Chess"]
[Site "Chess.com"]
[Date "2023.05.20"]
[Round "-"]
[White "JackCheetham1"]
[Black "LL220284LL"]
[Result "0-1"]
[WhiteElo "1695"]
[BlackElo "2388"]
[TimeControl "300"]
[EndTime "14:56:52 PDT"]
[Termination "LL220284LL won by resignation"]

1. e4 d6 2. d4 Nf6 3. Nd2 g6 4. Ngf3 Bg7 5. c3 Nbd7 6. Bd3 e5 7. O-O O-O 8. Re1 c6 9. Nf1 Re8 10. Ng3 b6 11. h3 Bb7 12. Be3 Qc7 13. Qd2 Rad8 14. Rac1 d5 15. dxe5 Nxe4 16. Qc2 Nxg3 17. fxg3 Nxe5 18. Bf4 Nxf3+ 19. gxf3 Be5 20. Bxe5 Rxe5 21.
f4 Rxe1+ 22. Rxe1 c5 23. Qf2 d4 24. cxd4 Rxd4 25. Re8+ Kg7 26. Bc2 Qc6 27. Kf1 Qxe8 28. f5 Qc6 29. fxg6 Qh1+ 30. Ke2 Ba6+ 31. Ke3 Qc1+ 32.
Kf3 Bb7+ 33. Ke2 Rd2+ 0-1

[Event "Live Chess"]
[Site "Chess.com"]
[Date "2023.05.20"]
[Round "-"]
[White "LodeshChess"]
[Black "Jo1ts"]
[Result "0-1"]
[WhiteElo "1069"]
[BlackElo "765"]
[TimeControl "300"]
[EndTime "14:57:57 PDT"]
[Termination "Jo1ts won by resignation"]

1. e4 d5 2. exd5 Qxd5 3. Nc3 Qd8 4. d4 Nf6 5. Nf3 Bg4 6. Be2 g6 7. Be3 Bg7 8. Qd2 O-O 9. h3 Bxf3 10. Bxf3 Nc6 11.
Bxc6 bxc6 12. h4 Ng4 13. Bf4 Bxd4 14. O-O-O Nxf2 15. Qxd4 Qxd4 16. Rxd4 Nxh1 17. Bh6 Rfd8 18. Re4 Nf2 19. Rxe7 Re8 20. Rxc7 Rad8 21. Rxc6 Re1+ 0-1

[Event "Live Chess"]
[Site "Chess.com"]
[Date "2023.05.20"]
[Round "-"]
[White "Asperasummitatem"]
[Black "Stanbad1"]
[Result "0-1"]
[WhiteElo "1282"]
[BlackElo "2392"]
[TimeControl "300"]
[EndTime "14:57:58 PDT"]
[Termination "Stanbad1 won by checkmate"]

1. e4 e6 2. d4 d5 3. Nd2 Nf6 4. e5 Nfd7 5. Bd3 c5 6. c3 Nc6 7.
Ne2 cxd4 8. cxd4 f6 9. exf6 Nxf6 10. Nf3 Bd6 11. O-O O-O 12. Re1 Bd7 13. Nf4 Ng4 14.
Nxe6 Bxe6 15. Rxe6 Nf6 16. Bg5 Qd7 17. Re2 Qg4 18.
h3 Qh5 19. Qc2 Nxd4 20. Nxd4 Qxg5 21. Ne6 Qh4 22. Nxf8 Rxf8 23. Rae1 Ng4 24. Qb3 Bh2+ 25. Kf1 Rxf2+ 26. Rxf2 Qxf2# 0-1

[Event "Live Chess"]
[Site "Chess.com"]
[Date "2023.05.20"]
[Round "-"]
[White "gmnorfolk"]
[Black "HoarseyHorsey"]
[Result "1-0"]
[WhiteElo "2127"]
[BlackElo "1422"]
[TimeControl "300"]
[EndTime "14:58:15 PDT"]
[Termination "gmnorfolk won on time"]

1. d4 Nf6 2. c4 e6 3. Nc3 d5 4. cxd5 exd5 5. Bg5 Be7 6. e3 O-O 7. Bd3 c6 8. Qc2 h6 9. Bh4 Be6 10. Nge2 Nbd7 11. O-O Qc7 12. f3 a6 13. Rad1 Bd6 14. h3 Nh5 15. g4 Ng3 16. Nxg3 Bxg3 17. Bxg3 Qxg3+ 18. Qg2 Qd6 19. Bb1 Nf6 20. e4 dxe4 21.
fxe4 Bc4 22. e5 Bxf1 23. Qxf1 Qc7 24. exf6 Qg3+ 25. Qg2 Qxg2+ 26. Kxg2 gxf6 27. Ne4 Kg7 28. Rf1 Rad8 29. Nxf6 Rxd4 30. Nh5+ Kh8 31. Rf6 Rd2+ 32. Kg3 Rxb2 33. Rxh6+ Kg8 34. Bh7+ Kh8 35. g5 Rd8 36.
Bg6+ Kg8 37. Nf6+ Kg7 38. Bf5 Rxa2 39. Rh7+ Kf8 40. g6 fxg6 41. Bxg6 Ra3+ 42. Kf4 Ra4+ 43. Ke5 Ra5+ 44. Ke6 1-0

[Event "Live Chess"]
[Site "Chess.com"]
[Date "2023.05.20"]
[Round "-"]
[White "Daniel_Gliddon_FA"]
[Black "omisoc"]
[Result "0-1"]
[WhiteElo "1394"]
[BlackElo "2137"]
[TimeControl "300"]
[EndTime "14:58:23 PDT"]
[Termination "omisoc won by checkmate"]

1. e4 c6 2. d4 d5 3. exd5 cxd5 4. Nf3 Nf6 5. c4 Nc6 6. Nc3 e6 7. Be2 Be7 8. O-O O-O 9. c5 b6 10. cxb6 axb6 11. Bg5 Ne4 12. Nxe4 dxe4 13. Ne5 Bxg5 14. Nxc6 Qd6 15. Ne5 Bb7 16. f4 exf3 17. Bxf3 Bxf3 18. Nxf3 Be3+ 19. Kh1 f5 20. Qd3 f4 21. Ng5 Rf5 22. Rae1 Rxg5 23. Qb3 Qd5 24. Qxb6 Qxg2# 0-1

[Event "Live Chess"]
[Site "Chess.com"]
[Date "2023.05.20"]
[Round "-"]
[White "TheSmoulderingMaster"]
[Black "Hoogleboogle"]
[Result "1-0"]
[WhiteElo "1708"]
[BlackElo "1378"]
[TimeControl "300"]
[EndTime "14:58:29 PDT"]
[Termination "TheSmoulderingMaster won by checkmate"]

1. e4 c6 2. d4 d5 3. Nc3 dxe4 4. Nxe4 Bf5 5. Ng3 Bg6 6. Nh3 e6 7. Nf4 Bd6 8. h4 Bxf4 9. Bxf4 Nf6 10. h5 Bf5 11. Nxf5 exf5 12. Bd3 Qe7+ 13. Kd2 Ne4+ 14.
Bxe4 fxe4 15. Re1 f5 16. Rc1 Nd7 17. c3 O-O 18. Kc2 b5 19. Kb1 b4 20. g4 a5 21.
d5 cxd5 22. Qxd5+ Qf7 23. Qxf7+ Rxf7 24. gxf5 Rxf5 25. Rxe4 Kf7 26. cxb4 axb4 27. Rxb4 Re8 28. Rc7 Re7 29. Rd4 Nf6 30. Rxe7+ Kxe7 31. Bd6+ Ke6 32. f4 Nxh5 33. Be5 g5 34. Rd6+ Ke7 35. Rh6 Nxf4 36. Rxh7+ Rf7 37. Rxf7+ Kxf7 38. Bxf4 gxf4 39. Kc2 Ke6 40.
Kd3 Ke5 41. Ke2 Ke4 42. Kf2 Kd4 43. Kf3 Kc4 44. Kxf4 Kb4 45. Ke4 Ka4 46. Kd4 Ka5 47. Kc4 Ka4 48. a3 Ka5 49. Kb3 Kb5 50. a4+ Ka5 51. Ka3 Ka6 52. b4 Kb6 53. a5+ Kb5 54.
Kb3 Ka6 55. Kc4 Ka7 56. Kc5 Ka6 57. Kc6 Ka7 58. b5 Ka8 59. Kb6 Kb8 60. a6 Ka8 61.
Kc7 Ka7 62. b6+ Ka8 63. b7+ Ka7 64. b8=Q+ Kxa6 65. Qb6# 1-0

[Event "Live Chess"]
[Site "Chess.com"]
[Date "2023.05.20"]
[Round "-"]
[White "KeithArkell"]
[Black "Pablo_dmp"]
[Result "1/2-1/2"]
[WhiteElo "2606"]
[BlackElo "1872"]
[TimeControl "300"]
[EndTime "14:58:30 PDT"]
[Termination "Game drawn by repetition"]

1. d4 Nf6 2. Nf3 e6 3. c4 Bb4+ 4. Bd2 a5 5. g3 b6 6. Bg2 Bb7 7.
O-O O-O 8. Nh4 Bxg2 9. Nxg2 Qe7 10. c5 bxc5 11. Bg5 cxd4 12. Qxd4 Nc6 13. Qc4 Qc5 14.
Qxc5 Bxc5 15. Bxf6 gxf6 16. Rc1 Bd4 17. Nc3 Bxc3 18. Rxc3 Rab8 19. b3 Rb5 20. Rac1 Nd4 21. Kf1 c6 22. Ne3 Nf5 23. Nc4 h5 24. e3 Ra8 25. a4 Rb4 26. h3 Kf8 27. Ke2 Ke7 28.
g4 hxg4 29. hxg4 Nd6 30. Nd2 Ne4 31. Nxe4 Rxe4 32. f3 Rb4 33. Rd1 Rab8 34. Rdd3 R8b6 35. Kd2 d5 36. Kc2 Kd6 37. e4 e5 38. Kb2 d4 39.
Rc1 Rxa4 40. Rh1 Rc4 41. Rh6 Ke6 42. g5 Rcb4 43. Rxf6+ Ke7 44. Ka3 c5 45. Rxb6 Rxb6 46. Ka4 c4 47. bxc4 Rb4+ 48. Kxa5 Rxc4 49. Kb5 Rc3 50. Rd1 Rxf3 51. Kc5 Ke6 52. Ra1 Rg3 53. Ra6+ Ke7 54. Ra7+ Ke6 55. Ra6+ Ke7 56. Ra7+ Ke6 57.
Ra6+ 1/2-1/2

[Event "Live Chess"]
[Site "Chess.com"]
[Date "2023.05.20"]
[Round "-"]
[White "Alan_Richardson"]
[Black "manthanit"]
[Result "1-0"]
[WhiteElo "1676"]
[BlackElo "1015"]
[TimeControl "300"]
[EndTime "14:58:33 PDT"]
[Termination "Alan_Richardson won by resignation"]

1. d4 e6 2. Bf4 d5 3. Nf3 a6 4. e3 c5 5. c3 Nc6 6. Bd3 Qb6 7. Qd2 cxd4 8. exd4 Nf6 9. O-O Ne4 10. Qe2 Bd6 11. Ne5 Nxe5 12. dxe5 Bc5 13. b4 Nxc3 14. Nxc3 Bd4 15. Rac1 Qxb4 16. Bd2 b5 17. Nxb5 Qb2 18. Nc7+ Ke7 19. Nxa8 Qxa2 20. Bb4+ Kd8 21. Qxa2 1-0

[Event "Live Chess"]
[Site "Chess.com"]
[Date "2023.05.20"]
[Round "-"]
[White "Mikhail_Golubev"]
[Black "xx_blindpuffin_xx"]
[Result "0-1"]
[WhiteElo "2505"]
[BlackElo "2208"]
[TimeControl "300"]
[EndTime "14:58:36 PDT"]
[Termination "xx_blindpuffin_xx won on time"]

1. e4 c6 2. d4 d5 3. Nc3 dxe4 4.
Nxe4 Bf5 5. Ng3 Bg6 6. c3 Nd7 7. Nh3 e5 8. dxe5 Nxe5 9. Qxd8+ Rxd8 10. Nf4 Bc5 11. Nxg6 hxg6 12. Ne4 Bb6 13. Bf4 Nf6 14. Nxf6+ gxf6 15. Be2 O-O 16. Bxe5 fxe5 17. h4 Rd6 18. h5 Kg7 19. hxg6 fxg6 20. Rf1 Rdf6 21. Bf3 e4 22.
Bxe4 Rxf2 23. Rxf2 Rxf2 24. O-O-O Be3+ 25. Kb1 Rf7 26. Rd6 Rf6 27. Rd7+ Rf7 28. Rd3 Bf4 29. b4 Be5 30. Kc2 Rf2+ 31. Kb3 Rf7 32. a4 Re7 33. Bf3 Bf6 34. a5 Rc7 35. Rd6 Be7 36. Re6 Kf7 37. Re4 c5 38. b5 b6 39. a6 Bf6 40. Bg4 Re7 41. Rc4 Re3 42. Bf3 Ke7 43. Kc2 Kd6 44. Kd2 Bg5 45. Rg4 Re5+ 46. Kd3 Ke6 47. Be4 Kf6 48. Rg3 Re7 49. Rf3+ Kg7 50. Bd5 Bf6 51. Kc4 Re1 52. Rd3 Re2 53. Bf3 Re7 54. Bb7 Kf8 55. Rf3 Kg7 56. Kd5 Re5+ 57. Kc6 Re7 58. Bc8 Be5 59.
Bd7 g5 60. Re3 Kf6 61. Re1 Bxc3 62. Rxe7 Kxe7 63. Bf5 Kd8 64. Kb7 Be5 65. Kxa7 c4 66.
Kb7 c3 67. a7 Ke7 68. a8=Q Kd6 0-1

[Event "Live Chess"]
[Site "Chess.com"]
[Date "2023.05.20"]
[Round "-"]
[White "elvenstar"]
[Black "grillage"]
[Result "0-1"]
[WhiteElo "1569"]
[BlackElo "1848"]
[TimeControl "300"]
[EndTime "14:58:56 PDT"]
[Termination "grillage won on time"]

1. e4 d5 2. e5 c5 3. Nf3 Bg4 4. Be2 Nc6 5. Bb5 e6 6. h3 Bxf3 7.
Qxf3 Ne7 8. d3 a6 9. Bxc6+ Nxc6 10. Bf4 Nd4 11. Qd1 Qb6 12. b3 Be7 13. O-O O-O 14.
c3 Nc6 15. Nd2 Qc7 16. Nf3 Rad8 17. d4 cxd4 18. cxd4 Rc8 19. Rc1 Qb6 20. Qd3 Ba3 21.
Rc3 Ne7 22. Ng5 g6 23. h4 Nf5 24. Be3 Bb2 25. Rxc8 Rxc8 26. h5 Bxd4 27. Bxd4 Qxd4 28.
Qh3 Qh4 29. Qxh4 Nxh4 30. hxg6 hxg6 31. g4 Rc3 32. f4 Rg3+ 33. Kh2 Rc3 34. Rf2 Kg7 35. f5 gxf5 36. gxf5 Nxf5 37. Rg2 Kf8 38. Nh7+ Ke7 39. Nf6 Kd8 40. Rg8+ Kc7 41. Rf8 Rc2+ 42.
Kh3 Rxa2 43. Rxf7+ Kc6 44. Ne8 d4 45. Rc7+ Kd5 46.
Nf6+ Kxe5 47. Ng4+ Kf4 0-1